 Dungeon Crawl Stone Soup version 0.29-a0-67-g1d65ae1bb4 (webtiles) character file.

Game seed: 1193922874062449109

555 Bosse the Shield-Bearer (level 7, -2/43 HPs)
             Began as a Gargoyle Fighter on Feb 3, 2022.
             Was a Priest of Fedhas.
             Slain by an orc (3 damage)
             ... on level 5 of the Dungeon.
             The game lasted 00:12:40 (4451 turns).

Bosse the Shield-Bearer (Gargoyle Fighter)          Turns: 4451, Time: 00:12:42

Health: -2/43      AC: 19    Str: 22    XL:     7   Next: 30%
Magic:  7/7        EV:  6    Int:  8    God:    Fedhas [***...]
Gold:   202        SH:  4    Dex:  9    Spells: 6/6 levels left

rFire   . . .      SeeInvis .   p - +0 club (venom)
rCold   . . .      Faith    .   c - +0 buckler
rNeg    + . .      Spirit   .   j - +0 plate armour
rPois   ∞          Reflect  .   (no helmet)
rElec   +          Harm     .   m - +0 cloak
rCorr   .          Rampage  .   g - +0 pair of gloves
Will    +....                   (no boots)
Stlth   ..........              (no amulet)
HPRegen 0.14/turn               n - ring of willpower
MPRegen 0.10/turn               (no ring)

@: no status effects
A: sickness immunity, AC +4, negative energy resistance 1, electricity
resistance, torment resistance 1, petrification resistance
a: Renounce Religion, Wall of Briars, Grow Ballistomycete


You were on level 5 of the Dungeon.
You worshipped Fedhas.
Fedhas was most pleased with you.
You visited 1 branch of the dungeon, and saw 5 of its levels.
You also visited: Sewer.

You collected 240 gold pieces.
You spent 38 gold pieces at shops.

Inventory:

Hand Weapons
 a - a +0 flail
 k - the +7 war axe "Dihel" {vorpal, rPois Will+ Str+5 Stlth-}
   (You found it on level 2 of the Dungeon)

   It inflicts extra damage upon your enemies.
   Str:       It affects your strength (+5).
   rPois:     It protects you from poison.
   Will:      It increases your willpower.
   Stlth:     It makes you less stealthy.
 l - a +3 quarterstaff of chaos
 p - a +0 club of venom (weapon)
 s - a +0 giant club
 w - a +0 great mace
Armour
 b - a +0 scale mail
 c - a +0 buckler (worn)
 g - a +0 pair of gloves (worn)
 j - a +0 plate armour (worn)
 m - a +0 cloak (worn)
Jewellery
 n - a ring of willpower (left hand)
Wands
 v - a wand of charming (3)
Scrolls
 o - 3 scrolls of teleportation
 q - 2 scrolls of identify
 r - 2 scrolls of enchant weapon {unknown}
Potions
 e - 2 potions of curing {unknown}
 f - a potion of mutation {unknown}
 h - 2 potions of heal wounds {unknown}
 i - 2 potions of attraction {unknown}
 t - a potion of magic {unknown}
 u - a potion of resistance {unknown}


   Skills:
 + Level 4.2 Fighting
 + Level 5.1 Maces & Flails
 + Level 4.9 Armour
 + Level 0.8 Dodging
 + Level 5.3 Shields


You had 6 spell levels left.
You didn't know any spells.
Your spell library contained the following spells:

 Spells                   Type           Power      Damage    Failure   Level
 Gell's Gravitas          Tloc           0%         N/A       100%        3
 Teleport Other           Tloc           0%         N/A       100%        3
 Dispersal                Tloc           0%         N/A       100%        6


Dungeon Overview and Level Annotations

Branches:
Dungeon (5/15)              Sewer (visited)
 Temple: D:4-7

Altars:
Fedhas
Qazlal

Shops:
D:2 ?   D:4 *


Innate Abilities, Weirdness & Mutations

You are immune to sickness and miasma.
Your stone body is resilient. (AC +4)
You are immune to poison.
You resist negative energy. (rN+)
You are resistant to electric shocks. (rElec)
You are resistant to unholy torment.
You are immune to petrification.


Message History

You are too injured to fight recklessly!
You are too injured to fight recklessly!
You are too injured to fight recklessly!
You are too injured to fight recklessly!
You are too injured to fight recklessly!
You barely miss the iguana. You block the centaur's attack.
The centaur kicks you but does no damage.
The iguana barely misses you. The orc hits you but does no damage.
The orc barely misses you. The centaur barely misses you. x2
The orc hits you but does no damage.
You completely miss the iguana. The iguana bites you.
The orc hits you but does no damage.
The centaur hits you but does no damage.
The centaur kicks you but does no damage.
The orc barely misses you. x2; The iguana bites you!
* * * LOW HITPOINT WARNING * * *
You hit the iguana.
The iguana is poisoned.
The iguana is moderately wounded.
The centaur hits you but does no damage.
The centaur kicks you but does no damage.
The orc hits you but does no damage. You block the centaur's attack.
The centaur kicks you but does no damage.
The orc hits you but does no damage. You block the orc's attack.
The iguana barely misses you. The orc hits you with a +0 whip.
* * * LOW HITPOINT WARNING * * *
You barely miss the centaur. The centaur completely misses you.
The centaur kicks you but does no damage.
You block the orc's attack. The orc hits you with a +0 hand axe.
* * * LOW HITPOINT WARNING * * *
The iguana barely misses you. The orc barely misses you.
The centaur barely misses you.
The centaur kicks you but does no damage.
You hit the centaur.
The centaur is lightly wounded.
The centaur hits you.
* * * LOW HITPOINT WARNING * * *
The centaur kicks you but does no damage.
The orc hits you but does no damage. The orc hits you with a +0 hand axe.
You die...
Fedhas appreciates your contribution to the ecosystem.

..+#.#..............#.#
..##.#......##.###..#.#########
..+..+......+....#..#.......<.#
..##.#......##.#.#..#########.#
.........#'#...#.#..# #.#
####.###.#.#.....#..# #.# # #.#
#.#.#######..#### #.# # #.#
#>#......oo...... #.# # #.#
#.......†@o...... #.# # #.#
#########lc...... #.# # #.#
.w....... ### # #.# ..........
####.# .....###### ..##.#
......# ..##.# .......# ..+..#
......... ..####


You could see a centaur, a worm, an iguana (very poisoned) and 3 orcs.

Vanquished Creatures
  A black bear (D:5)
  An ogre (D:5)
  Crazy Yiuf (D:2)
  2 iguanas (D:5)
  A hell rat (Sewer)
  A hound skeleton (D:2)
  10 adders
  3 gnolls (D:4)
  A river rat (Sewer)
  2 ufetubi (D:5)
  2 worms
  2 dart slugs
  10 orcs (D:3)
  9 ball pythons
  9 bats
  5 endoplasms
  7 giant cockroaches
  9 goblins
  5 hobgoblins
  12 jackals
  3 quokkas
  3 frilled lizards
  5 kobolds
  7 rats
111 creatures vanquished.

Notes
Turn   | Place    | Note
-------+----------+-------------------------------------------
     0 | D:1      | Bosse the Gargoyle Fighter began the quest for the Orb.
     0 | D:1      | Reached XP level 1. HP: 14/14 MP: 1/1
   233 | D:1      | Reached XP level 2. HP: 19/19 MP: 2/2
   638 | D:1      | Reached XP level 3. HP: 21/23 MP: 3/3
  1311 | D:2      | Reached XP level 4. HP: 29/29 MP: 4/4
  1428 | D:2      | Found Ricvoqor's Magic Scroll Shop.
  1507 | D:2      | Found a faded altar of an unknown god.
  1515 | D:2      | Prayed at the altar of an unknown god.
  1515 | D:2      | Became a worshipper of Fedhas Madash
  1515 | D:2      | Reached * piety under Fedhas
  1600 | D:2      | Identified the +7 war axe "Dihel" {vorpal, rPois Will+
                  | Str+5 Stlth-}
  1733 | D:2      | Found a runed translucent door.
  1734 | D:2      | Noticed Crazy Yiuf
  1820 | D:2      | Killed Crazy Yiuf
  1821 | D:2      | Reached XP level 5. HP: 14/33 MP: 2/5
  2102 | D:3      | Reached ** piety under Fedhas
  2145 | D:3      | Found a blossoming altar of Fedhas.
  2147 | D:3      | Found a stormy altar of Qazlal.
  3436 | D:4      | Reached XP level 6. HP: 32/38 MP: 6/6
  3528 | D:4      | Found Gukaus's Serpentskin Sales.
  3591 | D:4      | Bought a +0 club of venom for 38 gold pieces
  3677 | D:5      | Entered Level 5 of the Dungeon
  3833 | D:5      | Reached skill level 5 in Maces & Flails
  3850 | D:5      | Found a glowing drain.
  3864 | Sewer    | Entered a sewer
  4002 | Sewer    | Reached *** piety under Fedhas
  4259 | D:5      | Noticed a black bear
  4266 | D:5      | Killed a black bear
  4267 | D:5      | Reached skill level 5 in Shields
  4267 | D:5      | Reached XP level 7. HP: 32/43 MP: 7/7
  4450 | D:5      | HP: 2/43 [orc (3)]
  4451 | D:5      | Slain by an orc

Illustrated notes

Levels and vault maps discovered:
D:1:      minmay_arrival_solitary_statue, layout_loops_cross, grunt_decor_cap
D:2:      layout_rooms, serial_shops, shop,
          hellmonk_ecumenical_altar_arch_garden, amethyst_killhole,
          uniq_crazy_yiuf_cottage
D:3:      layout_loops_ring, grunt_temple_overflow_forces_of_nature
D:4:      layout_loops_ring, guppyfry_shop_venom
D:5:      black_bear_nest_1, layout_basic, portal_sewer_entry_a, uniq_grinder

Skill      XL: |  1  2  3  4  5  6 |
---------------+-------------------+-----
Maces & Flails | 3 4 5 |  5.1
Armour         | 4 |  4.9
Shields        | 4 5 |  5.3
Fighting       | 4 |  4.2
Dodging        | |  0.8

Action                   |  1- 3 |  4- 6 |  7- 9 || total
-------------------------+-------+-------+-------++-------
Melee: Flail             |   101 |   214 |       ||   315
       Club              |       |    71 |    17 ||    88
Invok: Wall of Briars    |       |     1 |       ||     1
  Use: Scroll            |       |     5 |       ||     5
       Potion            |       |     1 |       ||     1
Armor: Scale mail        |    76 |    21 |       ||    97
       Plate armour      |       |   233 |    40 ||   273
Dodge: Dodged            |    48 |   101 |    34 ||   183
Block: Buckler           |    28 |    85 |    10 ||   123

Table legend: (Time is in decaauts)
 A = Elapsed time spent in this place.
 B = Non-inter-level travel time spent in this place.
 C = Inter-level travel time spent in this place.
 D = Time resting spent in this place.
 E = Time spent auto-exploring this place.
 F = Levels seen in this place.
 G = Mean time per level.
                   A        B        C        D        E       F      G
               +--------+--------+--------+--------+--------+-----+--------+
         Total |   4570 |   4424 |    146 |    104 |   3406 |   6 |  761.7 |
       Dungeon |   4180 |   4034 |    146 |      0 |   3205 |   5 |  836.0 |
         Sewer |    389 |    389 |      0 |    104 |    201 |   1 |  389.0 |
               +--------+--------+--------+--------+--------+-----+--------+

Top non-repeatable levels by time:
     D:1: 1257 daAuts
     D:4: 989 daAuts
     D:2: 845 daAuts
     D:3: 673 daAuts
     D:5: 415 daAuts
   Sewer: 389 daAuts
